 Dungeon Crawl Stone Soup version 0.28-a0-1412-gf95308ed99 (console) character file.

Game seed: 8821451210774537117

28204 petzl the Thaumaturge (level 13, -10/90 (98) HPs)
             Began as a Formicid Arcane Marksman on Jan 5, 2022.
             Was a Believer of Vehumet.
             Killed from afar by Jorgrun (20 damage)
             ... with an iron shot
             ... while petrified by Jorgrun
             ... on level 1 of the Orcish Mines on Jan 6, 2022.
             The game lasted 02:58:28 (26310 turns).

petzl the Thaumaturge (Formicid Arcane Marksman)   Turns: 26310, Time: 02:58:30

HP:   -10/90 (98)   AC: 12    Str: 16    XL:     13   Next: 71%
MP:   27/27         EV:  2    Int: 17    God:    Vehumet [**....]
Gold: 699           SH:  0    Dex: 11    Spells: 18/33 levels left

rFire   . . .      SeeInvis +   b - +1 hand crossbow
rCold   . . .      Faith    .   n - orb {light}
rNeg    + + +      Spirit   .   m - +0 troll leather armour
rPois   ∞          Reflect  .   (helmet unavailable)
rElec   .          Harm     .   S - +1 cloak {rCorr}
rCorr   +          Rampage  .   M - +2 pair of gloves
Will    +....                   (no boots)
Stlth   ++........              h - amulet of the acrobat
HPRegen 1.05/turn               p - ring of positive energy
MPRegen 0.20/turn               l - +4 ring of evasion

@: petrified, glowing, drained
A: permanent stasis, dig shafts and tunnels, antennae 3, four strong arms, claws
1, iridescent scales 1
a: Dig, Shaft Self, Renounce Religion


You were on level 1 of the Orcish Mines.
You worshipped Vehumet.
Vehumet was pleased with you.
You visited 4 branches of the dungeon, and saw 18 of its levels.
You also visited: Gauntlet.

You collected 1398 gold pieces.
You spent 699 gold pieces at shops.

Inventory:

Hand Weapons
 a - the +6 quarterstaff "Niake" {vorpal, rPois rF- Str+8}
   (You found it on level 8 of the Dungeon)

   It inflicts extra damage upon your enemies.
   Str:       It affects your strength (+8).
   rF:        It makes you vulnerable to fire.
   rPois:     It protects you from poison.
 b - a +1 hand crossbow (weapon)
 d - the +6 flail of Qudizomp {spect, rN+ SInv Stlth+}
   (You took it off Maggie on level 9 of the Dungeon)

   When its wielder attacks, the weapon's spirit leaps out and strikes again.
   The spirit shares a part of any damage it takes with its wielder.
   rN:        It protects you from negative energy.
   SInv:      It lets you see invisible.
   Stlth:     It makes you more stealthy.
 e - a +3 dagger of venom {!f =f}
 k - a +1 flail of protection
 u - the +4 morningstar of Boawn {flame, rElec}
   (You found it in a Gauntlet)

   It burns those it strikes, dealing additional fire damage.
   rElec:     It insulates you from electricity.
 B - a +2 dagger of holy wrath {!f =f}
 H - the +7 hand crossbow "Trog's Vengeance" {flame, Drain rElec rCorr}
   (You found it on level 2 of the Lair of Beasts)

   Any ammunition fired from it burns those it strikes, dealing additional fire
   damage.
   rElec:     It insulates you from electricity.
   rCorr:     It protects you from acid and corrosion.
   Drain:     It drains your maximum health when unequipped.
 K - the +8 dagger of Descent {vorpal, +Blink Dex+3 Stlth+, !f =f}
   (You found it on level 3 of the Dungeon)

   It inflicts extra damage upon your enemies.
   Dex:       It affects your dexterity (+3).
   +Blink:    It lets you blink.
   Stlth:     It makes you more stealthy.
 O - a +6 spear of freezing {!f =f}
 P - a +1 scimitar of flaming
 X - the +5 dagger "Qed Qiuj" {flame, rC+ Int+2 Dex+4, !f =f}
   (You found it in a Gauntlet)

   It burns those it strikes, dealing additional fire damage.
   Int:       It affects your intelligence (+2).
   Dex:       It affects your dexterity (+4).
   rC:        It protects you from cold.
Missiles
 c - 136 bolts (quivered ammo)
 r - 54 poisoned darts
 F - 2 curare-tipped darts {!*}
 L - 10 javelins
 T - 4 silver javelins
Armour
 m - a +0 troll leather armour (worn)
 n - an orb of light (worn)
 o - a +0 tower shield
 s - a +3 ring mail
 M - a +2 pair of gloves (worn)
 Q - a +0 buckler
 R - +0 acid dragon scales
 S - a +1 cloak of preservation (worn)
Jewellery
 h - an amulet of the acrobat (around neck)
 l - a +4 ring of evasion (right hand)
 p - a ring of positive energy (left hand)
 w - a ring of ice
 E - an amulet of regeneration
 J - a ring of fire
Wands
 N - a wand of flame (49)
 U - a wand of charming (2)
 V - a wand of iceblast (4)
 Z - a wand of paralysis (6)
Scrolls
 g - 2 scrolls of silence
 q - 2 scrolls of immolation
 v - 2 scrolls of vulnerability
 y - a scroll of magic mapping
 z - a scroll of fog
 C - a scroll of amnesia
 W - a scroll of holy word
Potions
 f - a potion of ambrosia
 i - 2 potions of brilliance
 j - a potion of magic
 t - 4 potions of curing
 x - a potion of resistance
 A - 2 potions of heal wounds
 D - a potion of flight
 G - a potion of cancellation
 I - 4 potions of mutation
 Y - a potion of attraction {unknown}


   Skills:
 - Level 7.8 Fighting
 - Level 3.0 Short Blades
 - Level 3.0 Staves
 - Level 5.0 Crossbows
 - Level 6.0 Armour
 - Level 6.0 Dodging
 - Level 9.2 Stealth
 - Level 4.0 Shields
 + Level 10.5 Spellcasting
 + Level 8.7 Conjurations
 - Level 3.6 Hexes
 - Level 8.0 Fire Magic
 - Level 2.1 Ice Magic
 - Level 4.0 Evocations


You had 18 spell levels left.
You knew the following spells:

 Your Spells              Type           Power      Damage    Failure   Level
a - Slow                  Hex            84%        N/A       2%          1
b - Hailstorm             Conj/Ice       27%        3d7       10%         4
s - Sticky Flame          Conj/Fire      37%        2d6       3%          4
F - Conjure Flame         Conj/Fire      37%        6-21      1%          3
I - Ignite Poison         Fire/Tmut/Pois 18%        N/A       10%         3

Your spell library contained the following spells:

 Spells                   Type           Power      Damage    Failure   Level
 Inner Flame              Hex/Fire       28%        N/A       2%          3
 Ensorcelled Hibernation  Hex/Ice        36%        N/A       4%          2
 Confusing Touch          Hex            21%        N/A       6%          3
 Tukima's Dance           Hex            21%        N/A       6%          3
 Portal Projectile        Hex/Tloc       30%        N/A       14%         3
 Summon Guardian Golem    Hex/Summ       15%        N/A       14%         3
 Cause Fear               Hex            10%        N/A       22%         4
 Ice Form                 Ice/Tmut       12%        N/A       52%         4
 Summon Mana Viper        Hex/Summ       15%        N/A       77%         5
 Yara's Violent Unravell  Hex/Tmut       7%         3d5       77%         5
 Simulacrum               Ice/Necr       6%         N/A       100%        6
 Summon Cactus Giant      Summ           4%         N/A       100%        6
 Enfeeble                 Hex            10%        N/A       100%        7


Dungeon Overview and Level Annotations

Branches:
Dungeon (11/15)            Temple (1/1) D:4            Lair (4/6) D:10
 Shoals (0/4) Lair:3       Spider (0/4) Lair:2          Orc (2/2) D:10
    Elf (0/3) Orc:2       Gauntlet (visited)

Altars:
Ashenzari
Cheibriados
Dithmenos
Elyvilon
Fedhas
Gozag
Hepliaklqana
Kikubaaqudgha
Makhleb
Nemelex Xobeh
Okawaru
Qazlal
Ru
Sif Muna
Trog
Uskayaw
Vehumet
Wu Jian
Xom
Yredelemnul
Zin
The Shining One
Beogh

Shops:
D:8 *   D:9 :   D:10 **   D:11 (

Annotations:
D:9 exclusion: 2 downstairs
D:10 exclusion: downstairs
D:11 Erolcha
Lair:2 exclusion: 2 downstairs
Lair:3 Nergalle
Orc:1 Jorgrun
Orc:2 exclusion: upstairs


Innate Abilities, Weirdness & Mutations

You cannot be hasted, slowed, berserked, paralysed or teleported.
You can dig through walls and to a lower floor.
You have a pair of large antennae on your head. (SInv)
Your four strong arms can wield two-handed weapons with a shield.
You have sharp fingernails.
You are partially covered in iridescent scales. (AC +2)


Message History

Confirm with . or Enter, or press ? or * to list all spells.
Aiming: Slow (safe; 1% risk of failure)
Press: ? - help, Shift-Dir - straight line, f - ogre
Aim: an ogre, wielding a +0 giant club (lightly wounded, chance to affect: 61%)
The ogre seems to slow down.
b - a +1 hand crossbow (weapon)
You shoot a bolt. The bolt completely misses the ogre.
You shoot a bolt. The bolt barely misses the ogre.
Jorgrun says, "I've ne'er se'n tha particular type o' rock formation 'fore."
You shoot a bolt. The bolt hits the ogre!
The ogre is heavily wounded.
Jorgrun gestures at you while chanting.
Roots burst forth from the earth!
The grasping roots grab you! The grasping roots constrict you!
Jorgrun casts a spell at you.
You are slowing down.
The grasping roots constrict you!
You can't go up here!
The roots' grasp on you weakens, but your attempt to escape fails.
The grasping roots constrict you.
Your limbs are stiffening.
Unknown command.
You escape the roots' grasp.
Jorgrun gestures at you while chanting. The iron shot hits you!!!
The ogre closely misses you.
You have turned to stone.
The ogre hits you with a +0 giant club.
Jorgrun points at you and mumbles some strange words.
Jorgrun gestures at you while chanting. You resist with significant effort.
The ogre hits you with a +0 giant club!
* * * LOW HITPOINT WARNING * * *
Jorgrun hits you but does no damage.
Jorgrun points at you and mumbles some strange words.
You resist with significant effort.
The ogre hits you with a +0 giant club!!
* * * LOW HITPOINT WARNING * * *
Jorgrun hits you with a +0 vorpal quarterstaff!
* * * LOW HITPOINT WARNING * * *
x2 Jorgrun gestures at you while chanting.
The iron shot hits you!!!
You die...

.........
.......##.[.....##
......#..
.......).........##
.$$......
#.....[[>........#
[o.o$..#.
#.....#..[.......##
.>)o....#
##.................#
...o...#.
#.#...............$.#
$o..$....
#.#.#...$...........##
.........
...#.#..............#
..#......
#.###....g#......#.##
.#..^.... ..
#.............### .
#......
.......#.#...## .
.....#
.#........#....##
##.......$.#.<..#
#...........#..##
#..............#
................
.................
.......g..........
(...(.O@.......#.#.
.....#........##.#..
.............##
..............#
.............##
.............#
....((.#....##
......##...## ......
##.## #..... ## ....


You could see Jorgrun and an ogre (slow).

Vanquished Creatures
  A minotaur (Gauntlet)
  2 hydras (Lair:2)
  A catoblepas (Lair:3)
  A two-headed ogre (D:11)
  2 wizards (Gauntlet)
  Pikel (D:9)
  A cyclops (D:11)
  A black mamba (Lair:3)
  3 torpor snails
  4 cane toads
  Maggie (D:9)
  2 rime drakes
  2 komodo dragons
  3 trolls
  A hornet (D:9)
  A polar bear (Lair:2)
  8 blink frogs
  6 dream sheep
  6 shadows
  A wraith (D:10)
  24 yaks
  3 wyverns
  3 chaos spawn (Gauntlet)
  4 basilisks
  A redback (shapeshifter) (D:10)
  A neqoxec (Gauntlet)
  Grum (D:8)
  3 wargs (Orc:2)
  15 water moccasins
  An ice beast (D:5)
  18 orc warriors
  A sky beast (D:8)
  3 black bears
  14 ogres
  2 necrophages
  8 wolves
  4 centaurs
  A phantom (D:5)
  Blork the orc (D:5)
  A gnoll sergeant (D:7)
  2 kobold brigands
  5 bullfrogs
  2 wyvern zombies (D:7)
  2 scorpions
  10 killer bees
  3 howler monkeys
  5 centaur zombies
  A jelly (D:6)
  3 hounds
  2 centaur skeletons
  12 orc priests
  A bullfrog skeleton (D:4)
  A gnoll shaman (D:6)
  5 iguanas
  13 orc wizards
  A hound zombie (D:5)
  2 hound skeletons (D:4)
  A mummy (D:4)
  2 howler monkey zombies
  15 gnolls
  5 adders
  2 shadow imps
  4 white imps (Gauntlet)
  2 worms (D:4)
  2 dart slugs
  60 orcs
  3 ball pythons
  8 bats
  7 endoplasms
  3 giant cockroaches (D:1)
  9 hobgoblins
  13 kobolds
  6 quokkas
  3 frilled lizards
  12 goblins
  6 rats
390 creatures vanquished.

Vanquished Creatures (others)
  16 fungi
  39 plants
55 creatures vanquished.

Grand Total: 445 creatures vanquished

Notes
Turn   | Place    | Note
-------+----------+-------------------------------------------
     0 | D:1      | petzl the Formicid Arcane Marksman began the quest for the
                  | Orb.
     0 | D:1      | Reached XP level 1. HP: 15/15 MP: 2/2
   142 | D:1      | Reached XP level 2. HP: 21/21 MP: 3/3
   425 | D:1      | Reached skill level 1 in Stealth
   474 | D:1      | Reached XP level 3. HP: 26/26 MP: 5/5
   995 | D:1      | Reached skill level 1 in Armour
  1442 | D:2      | Reached XP level 4. HP: 32/33 MP: 4/6
  2445 | D:5      | Entered Level 5 of the Dungeon
  2487 | D:4      | Noticed a necrophage
  2742 | D:3      | Reached XP level 5. HP: 37/38 MP: 7/7
  2817 | D:3      | Identified the +8 dagger of Descent {vorpal, +Blink Dex+3
                  | Stlth+}
  3089 | D:3      | Found a faded altar of an unknown god.
  3652 | D:4      | Reached skill level 2 in Spellcasting
  3731 | D:4      | Reached skill level 1 in Evocations
  3731 | D:4      | Reached XP level 6. HP: 46/46 MP: 9/9
  3763 | D:4      | Noticed a black bear
  3785 | D:4      | Killed a black bear
  3786 | D:4      | Reached skill level 1 in Short Blades
  3938 | D:4      | Found a staircase to the Ecumenical Temple.
  3957 | Temple   | Entered the Ecumenical Temple
  4001 | D:4      | Reached XP level 7. HP: 50/51 MP: 10/10
  4558 | D:5      | Noticed a yak
  4697 | D:5      | Reached XP level 8. HP: 51/58 MP: 12/12
  4753 | D:5      | Noticed Blork the orc
  4825 | D:5      | Reached skill level 3 in Spellcasting
  5636 | D:5      | Found a basalt altar of Yredelemnul.
  6465 | D:6      | Reached XP level 9. HP: 65/65 MP: 14/14
  7021 | D:6      | Reached skill level 5 in Stealth
  7163 | D:6      | Found a shadowy altar of Dithmenos.
  7166 | D:6      | Found a hazy altar of Hepliaklqana.
  7591 | D:6      | Reached skill level 4 in Spellcasting
  7754 | D:6      | Gained mutation: You sometimes lose the ability to read
                  | scrolls when taking damage. [potion of mutation]
  7754 | D:6      | Gained mutation: You are dopey. (Int -2) [potion of
                  | mutation]
  7756 | D:6      | Lost mutation: You are dopey. (Int -2) [potion of mutation]
  7756 | D:6      | Lost mutation: You sometimes lose the ability to read
                  | scrolls when taking damage. [potion of mutation]
  7756 | D:6      | Gained mutation: You have sharp fingernails. [potion of
                  | mutation]
  7756 | D:6      | Gained mutation: You are partially covered in iridescent
                  | scales. (AC +2) [potion of mutation]
  8391 | D:7      | Found a broken altar of Ashenzari.
  8823 | D:7      | Reached skill level 5 in Crossbows
  8881 | D:8      | Reached skill level 5 in Fighting
  9314 | D:8      | Identified the +6 quarterstaff "Niake" {vorpal, rPois rF-
                  | Str+8}
  9367 | D:8      | Found Kawakhol's CLEARANCE SALE!.
  9433 | D:8      | Reached skill level 5 in Spellcasting
  9538 | D:8      | Noticed Grum
  9557 | D:7      | Reached XP level 10. HP: 53/74 MP: 17/17
  9735 | D:7      | You fall into a shaft and drop 3 floors!
  9735 | D:10     | Entered Level 10 of the Dungeon
 10089 | D:9      | Reached skill level 5 in Armour
 10487 | D:9      | Reached skill level 5 in Dodging
 10710 | D:8      | Upgraded the game from 0.28-a0-1395-g4f6bc678fa to
                  | 0.28-a0-1404-g4df0f3684d
 10882 | D:8      | Reached skill level 6 in Spellcasting
 11415 | D:8      | Found a glowing silver altar of Zin.
 11486 | D:8      | Found a blossoming altar of Fedhas.
 11867 | D:8      | Killed Grum
 11868 | D:8      | Reached skill level 1 in Staves
 12853 | D:9      | Reached skill level 1 in Shields
 13137 | D:9      | Noticed Pikel
 13225 | D:9      | Noticed Maggie
 13281 | D:9      | Killed Pikel
 13282 | D:9      | Reached skill level 7 in Spellcasting
 13282 | D:9      | Reached XP level 11. HP: 78/83 MP: 21/21
 13471 | D:9      | Found Ughacuwo's Book Emporium.
 13591 | D:10     | Found Marannag's General Store.
 13806 | D:9      | Identified the +6 flail of Qudizomp {spect, rN+ SInv
                  | Stlth+}
 13969 | D:9      | Killed Maggie
 14283 | D:5      | Killed Blork the orc
 14805 | D:10     | Found Gola's Specific Store.
 14853 | D:9      | Reached skill level 8 in Spellcasting
 15351 | D:10     | Upgraded the game from 0.28-a0-1404-g4df0f3684d to
                  | 0.28-a0-1412-gf95308ed99
 15414 | D:10     | Noticed a mana viper
 15580 | D:10     | Learned a level 4 spell: Hailstorm
 15702 | D:10     | Reached skill level 1 in Conjurations
 16042 | D:10     | Found a staircase to the Orcish Mines.
 16139 | D:11     | Found Jeev's Antique Weapon Boutique.
 16160 | D:11     | Found an iron altar of Okawaru.
 16177 | D:11     | Reached skill level 1 in Ice Magic
 16208 | D:11     | Noticed a two-headed ogre
 16250 | D:11     | Killed a two-headed ogre
 16383 | D:11     | Noticed a cyclops
 16411 | D:11     | Killed a cyclops
 16655 | D:11     | Noticed Erolcha
 16755 | D:10     | Reached XP level 12. HP: 87/92 MP: 21/24
 16887 | D:10     | Found a staircase to the Lair.
 16973 | D:10     | Found a radiant altar of Vehumet.
 16979 | D:10     | Became a worshipper of Vehumet
 17294 | D:11     | Noticed a centaur warrior
 17608 | Lair:1   | Entered Level 1 of the Lair of Beasts
 17987 | Lair:1   | Reached skill level 5 in Conjurations
 18382 | D:9      | Bought the Volume of the Six Heavens for 680 gold pieces
 18386 | D:9      | Learned a level 3 spell: Conjure Flame
 18391 | D:9      | Learned a level 4 spell: Sticky Flame
 18549 | D:10     | Bought 2 curare-tipped darts for 19 gold pieces
 18825 | Lair:1   | Reached skill level 1 in Fire Magic
 19580 | Lair:2   | Found a hole to the Spider Nest.
 20096 | Lair:2   | Noticed a five-headed hydra
 20128 | Lair:2   | Killed a five-headed hydra
 20313 | Lair:2   | Reached skill level 5 in Fire Magic
 20380 | Lair:2   | Noticed a seven-headed hydra
 20391 | Lair:2   | Killed a seven-headed hydra
 20576 | Lair:2   | Reached * piety under Vehumet
 20576 | Lair:2   | Offered knowledge of Magic Dart by Vehumet.
 20853 | Lair:2   | Identified the +7 hand crossbow "Trog's Vengeance" {flame,
                  | Drain rElec rCorr}
 21152 | Lair:3   | Found a staircase to the Shoals.
 21405 | Lair:3   | Reached skill level 9 in Spellcasting
 21405 | Lair:3   | Reached XP level 13. HP: 64/98 MP: 4/26
 21676 | Lair:3   | Noticed a catoblepas
 22038 | Lair:3   | Noticed Nergalle
 22128 | Lair:4   | Found a gate leading to a gauntlet.
 22138 | Gauntlet | Entered a Gauntlet
 22138 | Gauntlet | Found a transporter.
 22138 | Gauntlet | Found a transporter.
 22138 | Gauntlet | Found a runed translucent door.
 22140 | Gauntlet | Found a transporter.
 22140 | Gauntlet | Found a transporter.
 22141 | Gauntlet | Found a runed translucent door.
 22155 | Gauntlet | Found a transporter.
 22163 | Gauntlet | Found a transporter.
 22167 | Gauntlet | Found a transporter.
 22178 | Gauntlet | Found a transporter.
 22212 | Gauntlet | Found a transporter.
 22216 | Gauntlet | Found a transporter.
 22238 | Gauntlet | Found a transporter.
 22248 | Gauntlet | Found a transporter.
 22421 | Gauntlet | Identified the +4 morningstar of Boawn {flame, rElec}
 22573 | Gauntlet | Identified the +2 quick blade "Tirphunk" {drain, Str+5}
 22817 | Gauntlet | Noticed a minotaur
 22833 | Gauntlet | Killed a minotaur
 23018 | Gauntlet | Identified the +5 dagger "Qed Qiuj" {flame, rC+ Int+2
                  | Dex+4}
 23019 | Gauntlet | Got the Papyrus of Fascination and Heat
 23307 | Lair:4   | Reached skill level 10 in Spellcasting
 23645 | Lair:3   | Killed a catoblepas
 24893 | Orc:1    | Entered Level 1 of the Orcish Mines
 24893 | Orc:1    | You fall into a shaft and drop 1 floor!
 24893 | Orc:2    | Entered Level 2 of the Orcish Mines
 25084 | Orc:2    | Found a shimmering altar of Xom.
 25101 | Orc:2    | Found a staircase to the Elven Halls.
 25387 | Orc:1    | Noticed Jorgrun
 25750 | Orc:2    | Reached ** piety under Vehumet
 25836 | Orc:1    | Offered knowledge of Shock by Vehumet.
 26214 | Orc:1    | You fall into a shaft and drop 1 floor!
 26233 | Orc:2    | Offered knowledge of Ignite Poison by Vehumet.
 26241 | Orc:2    | Learned a level 3 spell: Ignite Poison
 26310 | Orc:1    | Killed from afar by Jorgrun

Illustrated notes

Levels and vault maps discovered:
D:1:      dpeg_arrival_round_b, layout_basic
D:2:      layout_rooms
D:3:      layout_rooms, shapermc_ecumenical_altar_mp_urbaneastern,
          serial_rivers, chequers_serial_rivers_micro_e,
          chequers_serial_rivers_large_a, chequers_serial_rivers_room_a,
          chequers_serial_rivers_marsh, grunt_ministairs_7
D:4:      layout_cave_pools, minmay_temple_entry_offerings,
          gup_ossuary_entry_pyramid
D:5:      layout_loops_corners, mainiacjoe_overflow_paths, uniq_blork_the_orc
D:6:      layout_gridville, riverfiend_overflow_shadow_ancestor,
          solitary_fountain
D:7:      layout_gridville, mainiacjoe_overflow_small_starburst
D:8:      layout_cave_pools, fedhas_altar_4,
          mainiacjoe_overflow_six_doors_small, chequers_hall_statues_corner_a,
          nicolae_shop_clearance, uniq_grum
D:9:      layout_irregular_city, serial_shops, shop, uniq_maggie, uniq_pikel
D:10:     layout_loops_ring, nicolae_vehumet_altar_sigil,
          minmay_lair_entry_grove, david_orc_5, enter_bailey_7,
          nicolae_specific_store, minivault_25
D:11:     layout_cave_pods, serial_shops, nicolae_shop_waterfront,
          kennysheep_nub, okawaru_gym_becter, uniq_erolcha, uniq_gastronok
Temple:   minmay_freezing_vapour_temple
Lair:1:   layout_cave_pods, serial_bayou_shore_b
Lair:2:   layout_small_grid, spider_nest_entry_a
Lair:3:   layout_cave_pods, elwin_shoals_entry_rocks,
          nicolae_lair_grazing_beasts [nicolae_sub_lair_graze_edge,
          nicolae_sub_lair_graze_edge, nicolae_sub_lair_graze_edge,
          nicolae_sub_lair_graze_edge], uniq_nergalle
Lair:4:   layout_regular_city, gauntlet_entry_generic, grunt_megastairs_2
Orc:1:    layout_caves, uniq_jorgrun
Orc:2:    st_orc_mages, layout_caves, basic_altar

Skill      XL: |  1  2  3  4  5  6  7  8  9 10 11 12 13 |
---------------+----------------------------------------+-----
Dodging        | 2 3 4 5 6 |  6.0
Stealth        | 1 2 3 4 6 7 9 |  9.2
Armour         | 1 2 3 4 6 |  6.0
Fighting       | 2 3 4 5 6 7 |  7.8
Spellcasting   | 2 3 5 7 8 9 10 | 10.5
Evocations     | 1 2 3 4 |  4.0
Short Blades   | 1 2 3 |  3.0
Crossbows      | 3 4 5 |  5.0
Staves         | 2 3 |  3.0
Shields        | 3 4 |  4.0
Conjurations   | 3 7 8 |  8.7
Ice Magic      | 2 |  2.1
Fire Magic     | 6 8 |  8.0
Hexes          | |  3.6

Action                   |  1- 3 |  4- 6 |  7- 9 | 10-12 | 13-15 || total
-------------------------+-------+-------+-------+-------+-------++-------
Melee: Dagger            |    12 |   133 |   163 |   172 |     9 ||   489
       Quarterstaff      |       |       |       |   394 |   137 ||   531
 Fire: Hand crossbow     |    80 |    52 |   142 |   222 |    53 ||   549
Throw: Dart              |       |    34 |    12 |     2 |     4 ||    52
 Cast: Slow              |     1 |    28 |    98 |   150 |    28 ||   305
       Conjure Flame     |       |       |       |    12 |    15 ||    27
       Sticky Flame      |       |       |       |     5 |    70 ||    75
       Hailstorm         |       |       |       |     1 |       ||     1
 Abil: Dig               |       |       |       |     4 |     2 ||     6
       Shaft Self        |       |       |       |     1 |     1 ||     2
Evoke: Wand              |       |       |       |       |     4 ||     4
  Use: Scroll            |       |       |     4 |    11 |     7 ||    22
       Potion            |       |       |     5 |     2 |     2 ||     9
 Stab: Sleeping          |       |       |       |     3 |       ||     3
Armor: Robe              |     5 |     1 |       |       |       ||     6
       Ring mail         |       |    33 |    51 |   135 |    35 ||   254
       Troll leather arm |       |       |       |       |    43 ||    43
Dodge: Dodged            |    28 |    94 |    97 |   486 |   255 ||   960
Block: Buckler           |       |       |       |    20 |       ||    20

Table legend: (Time is in decaauts)
 A = Elapsed time spent in this place.
 B = Non-inter-level travel time spent in this place.
 C = Inter-level travel time spent in this place.
 D = Time resting spent in this place.
 E = Time spent auto-exploring this place.
 F = Levels seen in this place.
 G = Mean time per level.
                   A        B        C        D        E       F      G
               +--------+--------+--------+--------+--------+-----+--------+
         Total |  26476 |  23842 |   2634 |   8094 |   5566 |  19 | 1393.5 |
       Dungeon |  18198 |  16054 |   2144 |   5084 |   3902 |  11 | 1654.4 |
        Temple |     21 |     21 |      0 |      0 |      0 |   1 |   21.0 |
          Lair |   5908 |   5418 |    490 |   1968 |   1664 |   4 | 1477.0 |
  Orcish Mines |   1441 |   1441 |      0 |    669 |      0 |   2 |  720.5 |
      Gauntlet |    906 |    906 |      0 |    373 |      0 |   1 |  906.0 |
               +--------+--------+--------+--------+--------+-----+--------+

Top non-repeatable levels by time:
    D:10: 2833 daAuts
     D:5: 2729 daAuts
  Lair:2: 2291 daAuts
     D:7: 2181 daAuts
     D:9: 2113 daAuts
     D:8: 1833 daAuts
  Lair:3: 1729 daAuts
     D:1: 1625 daAuts
     D:6: 1602 daAuts
  Lair:1: 1447 daAuts
   Orc:2: 1321 daAuts
     D:3: 1029 daAuts
     D:4: 956 daAuts
Gauntlet: 906 daAuts
     D:2: 705 daAuts
